 Dungeon Sprint DCSS version 0.13-a0-2859-gb62c5ab (webtiles) character file.

4859 Misa the Unseen (level 9, -13/39 HPs)
             Began as a Spriggan Enchanter on Aug 28, 2013.
             Was a Believer of Lugonu.
             Mangled by a tentacle (18 damage)
             ... attached to a kraken
             ... in the Dungeon (Sprint II: "The Violet Keep of Menkaure").
             The game lasted 00:06:38 (649 turns).

Misa the Unseen (Spriggan Enchanter)                 Turns: 649, Time: 00:06:38

HP -13/39        AC  3     Str  4      XL: 9   Next: 99%
MP  30/31        EV 18     Int 13 (19) God: Lugonu [**....]
Gold 1005        SH  0     Dex 17      Spells:  3 memorised, 27 levels left

Res.Fire  : . . .   See Invis. : +   a - +1 dagger {=f}
Res.Cold  : . . .   Warding    : .   b - +1 robe (curse)
Life Prot.: . . .   Conserve   : .   (shield restricted)
Res.Poison: .       Res.Corr.  : .   (helmet restricted)
Res.Elec. : .       Clarity    : .   (no cloak)
Sust.Abil.: . .     Spirit.Shd : .   (gloves unavailable)
Res.Mut.  : .       Prev.Telep.: +   (boots unavailable)
Res.Rott. : .       Flight     : .   (no amulet)
Saprovore : . . .                    (no ring)
                                     (no ring)

@: mildly poisoned, very slightly contaminated, slowed, quick, quite resistant
to hostile enchantments, extraordinarily stealthy
A: unfitting armour, see invisible, herbivore 3, speed 3, slow metabolism 2
a: Bend Space, Renounce Religion


You were in the Dungeon.
You worshipped Lugonu.
Lugonu was greatly pleased with you.
You were very full.

You visited 1 branch You collected 985 gold pieces.

Inventory:

Hand weapons
 a - a +1,+1 dagger (weapon) {=f}
Missiles
 d - 12 darts (quivered)
Armour
 b - a cursed +1 robe (worn)
Scrolls
 k - a scroll of blinking
Potions
 h - a potion of speed
 i - 2 potions of magic
 j - a potion of agility {unknown}
Books
 c - a book of Maledictions

   Spells                             Type                      Level
   *Corona                            Hexes                        1
   Sure Blade                         Hexes/Charms                 2
   *Ensorcelled Hibernation           Hexes/Ice                    2
   Confuse                            Hexes                        3
   Enslavement                        Hexes                        4
   *Invisibility                      Hexes                        6


   Skills:
 - Level 10.6 Short Blades
 - Level 1.1 Throwing
 - Level 3.0 Dodging
 - Level 17.5 Stealth
 + Level 14.3 Spellcasting
 + Level 14.6 Hexes


You had 27 spell levels left.
You knew the following spells:

 Your Spells              Type           Power        Failure   Level  Hunger
a - Corona                Hex            #####..      1%          1    None
b - Ensorcelled Hibernat  Hex/Ice        ####..       1%          2    None
c - Invisibility          Hex            #####...     2%          6    ######.


Dungeon Overview and Level Annotations

Branches:
Dungeon (1/1)

Altars:
Cheibriados
Elyvilon
Fedhas
Kikubaaqudgha
Makhleb
Nemelex Xobeh
Okawaru
Sif Muna
Trog
Vehumet
Xom
Yredelemnul
Zin
the Shining One
Beogh
Jiyva
Lugonu


Innate Abilities, Weirdness & Mutations

You are tiny and cannot use many weapons and most armour.
You have supernaturally acute eyesight.
You are a herbivore.
You cover ground extremely quickly.
You need consume almost no food.


Message History

Found seven items.
The yellow wasp closely misses you.
Found four items.
A kraken comes into view.
Found 2 scrolls labeled KHE THIABOEMET and 20 bolts.
Found a scroll labeled KHE THIABOEMET and 9 gold pieces.
Found a bread ration.
Tentacles burst out of the water!
The yellow wasp closely misses you.
Found a spear.
The tentacle barely misses you.
Found an apple.
You open the door. The tentacle slaps you. The yellow wasp stings you!
You are poisoned.
You feel yourself slow down.
You feel sick.
You feel a little better. The tentacle slaps you!
* * * LOW HITPOINT WARNING * * *
The yellow wasp barely misses you. The tentacle slaps you!
You die...

...# ?!) ##.#
}#$%???%)%## ['.###
)#[!??(!?$##
.#...#####!$!%%!)(##
###.^##.##?(?!((%$##
..'.(#..##%?[)($$!##
()#..#.U##%?(!?$?)##
###..##.##$!(!!?($##
.###...#########@####+#
...≈≈{≈≈≈≈≈≈U≈Uy.w*Xw≈#
§§.≈#'########≈###ww≈≈#
≈..≈#...._...#≈≈§##≈≈≈#
≈§.≈#).._._..#§§≈≈#####
§§≈≈#.._._...#§§≈≈§
≈§≈≈#.⌠._._..#≈≈§≈≈§
§≈≈≈#.._._._.#≈§§≈§§
##§≈#..._._._#§§≈≈§≈


You could see a kraken, 4 tentacles, 2 polar bears and a yellow wasp.

Vanquished Creatures
  A dragon (D)
  A death yak (D)
  2 unseen horrors (D)
  A yaktaur (D)
  A boulder beetle (D)
  A baby alligator (D)
  4 necrophages (D)
  Menkaure (D)
  4 brain worms (D)
  4 giant centipedes (D)
20 creatures vanquished.

Vanquished Creatures (others)
  5 tentacle segments (D)
5 creatures vanquished.

Grand Total: 25 creatures vanquished

Notes
Turn   | Place    | Note
--------------------------------------------------------------
     0 | D        | Misa, the Spriggan Enchanter, began the quest for the Orb.
     0 | D        | Reached XP level 1. HP: 9/9 MP: 4/4
     0 | D        | Noticed a brain worm
     0 | D        | Noticed a brain worm
     0 | D        | Noticed a brain worm
     0 | D        | Noticed a brain worm
     6 | D        | Killed a brain worm
     6 | D        | Reached skill level 4 in Short Blades
     6 | D        | Reached skill level 10 in Stealth
     6 | D        | Reached XP level 2. HP: 13/13 MP: 6/6
     6 | D        | Reached XP level 3. HP: 16/16 MP: 9/9
     6 | D        | Reached XP level 4. HP: 21/21 MP: 11/11
    11 | D        | Killed a brain worm
    11 | D        | Reached skill level 12 in Stealth
    18 | D        | Killed a brain worm
    18 | D        | Reached skill level 14 in Stealth
    18 | D        | Reached XP level 5. HP: 24/24 MP: 13/13
    22 | D        | Killed a brain worm
    22 | D        | Reached skill level 15 in Stealth
    77 | D        | Noticed a necrophage
    77 | D        | Noticed a necrophage
    77 | D        | Noticed a necrophage
    77 | D        | Noticed a necrophage
    81 | D        | Killed a necrophage
    81 | D        | Reached skill level 16 in Stealth
    81 | D        | Reached XP level 6. HP: 28/28 MP: 16/16
    82 | D        | Killed a necrophage
    82 | D        | Reached skill level 17 in Stealth
    86 | D        | Killed a necrophage
    86 | D        | Reached XP level 7. HP: 32/32 MP: 17/20
    89 | D        | Noticed a lava snake
    89 | D        | Noticed a lava snake
    89 | D        | Noticed Menkaure
    91 | D        | Killed Menkaure
    91 | D        | Reached skill level 10 in Short Blades
    91 | D        | Reached skill level 5 in Hexes
   108 | D        | Killed a necrophage
   108 | D        | Reached skill level 5 in Spellcasting
   156 | D        | Learned a level 2 spell: Ensorcelled Hibernation
   173 | D        | Noticed a boulder beetle
   173 | D        | Noticed a boulder beetle
   176 | D        | Killed a boulder beetle
   176 | D        | Reached XP level 8. HP: 34/34 MP: 23/25
   191 | D        | Noticed a lava snake
   202 | D        | Found a viscous altar of Jiyva.
   202 | D        | Found a basalt altar of Yredelemnul.
   203 | D        | Found an iron altar of Okawaru.
   203 | D        | Found a glowing golden altar of the Shining One.
   203 | D        | Found a shimmering altar of Xom.
   203 | D        | Found a glowing silver altar of Zin.
   204 | D        | Found a radiant altar of Vehumet.
   205 | D        | Found a corrupted altar of Lugonu.
   205 | D        | Found a blossoming altar of Fedhas.
   205 | D        | Found a roughly hewn altar of Beogh.
   207 | D        | Found a bloodstained altar of Trog.
   207 | D        | Found a deep blue altar of Sif Muna.
   207 | D        | Found a snail-covered altar of Cheibriados.
   209 | D        | Found a burning altar of Makhleb.
   209 | D        | Found a white marble altar of Elyvilon.
   209 | D        | Found an ancient bone altar of Kikubaaqudgha.
   210 | D        | Found a sparkling altar of Nemelex Xobeh.
   215 | D        | Noticed a big fish
   218 | D        | Became a worshipper of Lugonu the Unformed
   218 | D        | Acquired Lugonu's first power
   220 | D        | Noticed a big fish
   228 | D        | Noticed a dragon
   230 | D        | Killed a dragon
   230 | D        | Reached skill level 10 in Spellcasting
   238 | D        | Learned a level 6 spell: Invisibility
   246 | D        | Noticed a death yak
   248 | D        | Killed a death yak
   248 | D        | Reached XP level 9. HP: 37/37 MP: 28/30
   255 | D        | Noticed a deep elf master archer
   258 | D        | Noticed an unseen horror
   258 | D        | Noticed an unseen horror
   260 | D        | Killed an unseen horror
   260 | D        | Acquired Lugonu's second power
   262 | D        | Killed an unseen horror
   279 | D        | Noticed a yaktaur
   279 | D        | Noticed a yellow wasp
   279 | D        | Noticed a polar bear
   281 | D        | Noticed a crocodile
   281 | D        | Noticed a baby alligator
   283 | D        | Noticed a polar bear
   283 | D        | Noticed a polar bear
   296 | D        | Noticed a big fish
   303 | D        | Noticed a big fish
   314 | D        | Noticed a big fish
   314 | D        | Noticed an electric eel
   334 | D        | Killed a baby alligator
   348 | D        | Killed a yaktaur
   376 | D        | Noticed a shark
   377 | D        | Noticed a shark
   387 | D        | Noticed a big fish
   387 | D        | Noticed a shark
   492 | D        | Noticed a shark
   543 | D        | Noticed a shark
   583 | D        | Noticed a big fish
   643 | D        | Noticed a kraken
   649 | D        | Mangled by a tentacle

Action                   |  1- 3 |  4- 6 |  7- 9 || total
-------------------------+-------+-------+-------++-------
Melee: Dagger            |     3 |    18 |    34 ||    55
 Cast: Ensorcelled Hiber |       |       |     4 ||     4
       Invisibility      |       |       |     3 ||     3
  Use: Potion            |     1 |       |     3 ||     4
 Stab: Sleeping          |     1 |     3 |    11 ||    15
       Invisible         |       |       |     2 ||     2
